 Dungeon Crawl Stone Soup version 0.30.0-5-g1a98f26d00 (webtiles) character file.

Game seed: 8036331872411525838

908 AarnesTheHuman the Shield-Bearer (level 8, 0/67 HPs)
             Began as a Gnoll Fighter on May 10, 2023.
             Was an Initiate of Gozag.
             Slain by a crimson imp
             ... wielding a +1 dagger of chaos
              (5 damage)
             ... on level 5 of the Dungeon.
             The game lasted 00:10:48 (4567 turns).

AarnesTheHuman the Shield-Bearer (Gnoll Fighter)    Turns: 4567, Time: 00:10:48

Health: 0/67       AC: 13    Str: 18    XL:     8   Next: 8%
Magic:  12/12      EV:  9    Int:  7    God:    Gozag
Gold:   612        SH: 13    Dex: 12    Spells: 13/13 levels left

rFire   + + .        a - +0 war axe (flame)
rCold   . . .        e - +3 kite shield of Inviolability {rF++ rCorr Slay-3}
rNeg    . . .        h - +1 scale mail
rPois   .            (no helmet)
rElec   .            n - +0 cloak
rCorr   +            (no gloves)
SInv    .            c - +2 pair of boots
Will    .....        (no amulet)
Stlth   +            u - ring of resist corrosion
HPRegen 0.31/turn    (no ring)
MPRegen 0.13/turn

%: no passive effects
@: gold aura
A: fangs 1, strong nose, distributed training
a: Renounce Religion, Potion Petition, Call Merchant, Bribe Branch


You were on level 5 of the Dungeon.
You worshipped Gozag.
Gozag was pleased with you.
You visited 1 branch of the dungeon, and saw 5 of its levels.
You also visited: Ossuary.

You collected 660 gold pieces.
You paid 48 gold pieces to Gozag.

Inventory:

Hand Weapons
 a - a +0 war axe of flaming (weapon)
 b - a +0 dagger
 t - a +0 morningstar
Missiles
 g - 47 stones (quivered)
 p - 2 javelins
Armour
 c - a +2 pair of boots (worn)
 e - the +3 kite shield of Inviolability (worn) {rF++ rCorr Slay-3}
   (You acquired it on level 5 of the Dungeon)

   Slay:      It affects your accuracy & damage with ranged weapons and melee
   (-3).
   rF:        It greatly protects you from fire.
   rCorr:     It protects you from acid and corrosion.
 h - a +1 scale mail (worn)
 n - a +0 cloak (worn)
Jewellery
 s - a ring of fire
 u - a ring of resist corrosion (left hand)
 w - a ring of protection from fire
Scrolls
 f - 3 scrolls of noise
 q - 2 scrolls of enchant armour
Potions
 d - a potion of might
 k - 3 potions of haste
 o - 3 potions of curing
 r - 2 potions of mutation
 z - a potion of cancellation
 A - a potion of heal wounds


   Skills:
 + Level 7.3 Fighting
 + Level 3.0 Short Blades
 + Level 3.0 Long Blades
 + Level 5.5 Axes
 + Level 3.0 Maces & Flails
 + Level 3.0 Polearms
 + Level 3.0 Staves
 + Level 3.0 Ranged Weapons
 + Level 3.0 Throwing
 + Level 7.3 Armour
 + Level 3.0 Dodging
 + Level 3.0 Stealth
 + Level 7.3 Shields
 + Level 3.0 Unarmed Combat
 + Level 3.0 Spellcasting
 + Level 2.4 Conjurations
 + Level 2.4 Hexes
 + Level 2.4 Summonings
 + Level 2.4 Necromancy
 + Level 2.4 Translocations
 + Level 2.4 Transmutations
 + Level 2.4 Fire Magic
 + Level 2.4 Ice Magic
 + Level 2.4 Air Magic
 + Level 2.4 Earth Magic
 + Level 2.4 Poison Magic
 + Level 3.3 Invocations
 + Level 3.0 Evocations


You had 13 spell levels left.
You didn't know any spells.
Your spell library contained the following spells:

 Spells                   Type           Power      Damage    Failure   Level
 Lesser Beckoning         Tloc           8%         N/A       75%         2
 Gell's Gravitas          Tloc           4%         N/A       93%         3
 Teleport Other           Tloc           4%         N/A       93%         3
 Anguish                  Hex/Necr       2%         N/A       100%        4
 Enfeeble                 Hex            2%         N/A       100%        7


Dungeon Overview and Level Annotations

Branches:
Dungeon (5/15)            Ossuary (visited)
 Temple: D:4-7

Altars:
Gozag
Okawaru
Qazlal
Trog

Shops:
D:3 *

Annotations:
D:1 exclusion: downstairs
D:2 Sigmund
D:4 exclusion: downstairs


Innate Abilities, Weirdness & Mutations

You have very sharp teeth.
Your uncanny sense of smell can sniff out nearby items.
Your experience applies equally to all skills.


Message History

The scorpion stings you but does no damage.
The crimson imp hits you but does no damage.
You hit the scorpion. You burn the scorpion. Your bite misses the scorpion.
The scorpion is almost dead.
You slash the crimson imp!
You feel sick. You block the scorpion's attack. x2
The crimson imp hits you but does no damage.
You are more poisoned.
A crimson imp comes into view. It is wielding a +0 dagger.
You barely miss the scorpion.
You bite the scorpion, but do no damage.
The scorpion is almost dead.
You barely miss the crimson imp.
You feel very sick. The scorpion stings you.
You are more poisoned.
The scorpion poisons you! You block the crimson imp's attack.
The crimson imp blinks!
You block the scorpion's attack.
You feel better. You block the crimson imp's attack.
You block the scorpion's attack.
You hit the scorpion but do no damage.
The scorpion is almost dead.
You hit the crimson imp but do no damage.
You block the crimson imp's attack. You block the scorpion's attack.
The crimson imp barely misses you.
You slash the scorpion! You burn the scorpion.
You kill the scorpion!
You barely miss the crimson imp. The crimson imp closely misses you.
The crimson imp blinks!
You completely miss the ogre. You hit the crimson imp.
The crimson imp hits you with a +1 dagger of chaos.
The crimson imp freezes you.
The ogre hits you with a +0 giant spiked club!
You hit the ogre. You burn the ogre. Your bite misses the ogre.
The ogre is lightly wounded.
You completely miss the crimson imp. You block the crimson imp's attack.
The ogre hits you with a +0 giant spiked club!!
* * * LOW HITPOINT WARNING * * *
The crimson imp hits you with a +1 dagger of chaos.
You die...
Your body crumbles into a pile of gold.

................. ##...
................## #... #
................# #... >##.
.###............# #... .....
#####........####... .....##
#......).#....#. .......##
#..........####.
........######......)##### ##
......5...oO@5...###.....####
..........####..## ##....>...
.########## #### #.....####
####### ∆ ∆ ∆ ∆


You could see an ogre, an orc priest and 2 crimson imps.

Vanquished Creatures
  A phantom (D:5)
  A scorpion (D:5)
  Dowan (D:5)
  4 centaur zombies (Ossuary)
  2 hounds
  A jelly (D:4)
  2 orc priests (D:1)
  A gnoll bouda (D:5)
  2 iguanas (D:4)
  6 mummies
  11 gnolls
  8 adders
  A white imp (D:5)
  11 dart slugs
  5 orcs
  6 ball pythons
  11 endoplasms
  3 giant cockroaches
  5 goblins
  4 hobgoblins
  8 jackals
  4 kobolds
  5 quokkas
  9 bats
  5 frilled lizards
  3 hobgoblin zombies (Ossuary)
  A rat (D:1)
121 creatures vanquished.

Notes
Turn   | Place    | Note
-------+----------+-------------------------------------------
     0 | D:1      | AarnesTheHuman the Gnoll Fighter began the quest for the
                  | Orb.
     0 | D:1      | Reached XP level 1. HP: 23/23 MP: 1/1
     3 | D:1      | Noticed an electric eel
     4 | D:1      | Noticed an electric eel
   149 | D:1      | Reached XP level 2. HP: 24/29 MP: 2/2
   424 | D:1      | Reached XP level 3. HP: 35/35 MP: 3/3
   612 | D:1      | Reached skill level 1 in Invocations
  1012 | D:2      | Reached skill level 1 in Short Blades
  1012 | D:2      | Reached skill level 1 in Long Blades
  1012 | D:2      | Reached skill level 1 in Maces & Flails
  1012 | D:2      | Reached skill level 1 in Polearms
  1012 | D:2      | Reached skill level 1 in Staves
  1012 | D:2      | Reached skill level 1 in Ranged Weapons
  1012 | D:2      | Reached skill level 1 in Throwing
  1012 | D:2      | Reached skill level 1 in Dodging
  1012 | D:2      | Reached skill level 1 in Stealth
  1012 | D:2      | Reached skill level 1 in Unarmed Combat
  1012 | D:2      | Reached skill level 1 in Spellcasting
  1012 | D:2      | Reached skill level 1 in Evocations
  1042 | D:2      | Noticed Sigmund
  1204 | D:1      | Reached XP level 4. HP: 29/41 MP: 5/5
  1538 | D:2      | Reached skill level 1 in Conjurations
  1538 | D:2      | Reached skill level 1 in Hexes
  1538 | D:2      | Reached skill level 1 in Summonings
  1538 | D:2      | Reached skill level 1 in Necromancy
  1538 | D:2      | Reached skill level 1 in Translocations
  1538 | D:2      | Reached skill level 1 in Transmutations
  1538 | D:2      | Reached skill level 1 in Fire Magic
  1538 | D:2      | Reached skill level 1 in Ice Magic
  1538 | D:2      | Reached skill level 1 in Air Magic
  1538 | D:2      | Reached skill level 1 in Earth Magic
  1538 | D:2      | Reached skill level 1 in Poison Magic
  1546 | D:1      | HP: 1/41 [orc priest/+0 whip (3)]
  1550 | D:1      | Reached XP level 5. HP: 7/47 MP: 5/7
  1740 | D:3      | Found an opulent altar of Gozag.
  1751 | D:3      | Found Gozag's Platinum Reserve.
  1763 | D:3      | Became a worshipper of Gozag Ym Sagoz the Greedy
  2072 | D:3      | Found a bloodstained altar of Trog.
  2472 | D:3      | Reached XP level 6. HP: 50/53 MP: 8/8
  2653 | D:4      | Reached skill level 5 in Axes
  2685 | D:4      | Found a stormy altar of Qazlal.
  2685 | D:4      | Found an iron altar of Okawaru.
  3411 | D:4      | Reached XP level 7. HP: 60/60 MP: 10/10
  3608 | D:5      | Entered Level 5 of the Dungeon
  3688 | D:5      | Found a sand-covered staircase.
  3695 | Ossuary  | Entered an ossuary
  4144 | D:5      | Identified a scroll of acquirement
  4144 | D:5      | Acquired the +3 kite shield of Inviolability {rF++ rCorr
                  | Slay-3}
  4518 | D:5      | Noticed Dowan
  4523 | D:5      | Killed Dowan
  4524 | D:5      | Reached XP level 8. HP: 67/67 MP: 12/12
  4567 | D:5      | Slain by a crimson imp

Illustrated notes

Levels and vault maps discovered:
D:1:      arrival_aquarium_b, layout_basic
D:2:      cheibrodos_pilgrimage, layout_basic, serial_shops, nicolae_shop_trees,
          uniq_sigmund
D:3:      layout_loops_ring, nicolae_gozag_zags_fifth_avenue,
          lemuel_coloured_pillars_altar
D:4:      kennysheep_slugbush, layout_basic, gammafunk_temple_overflow_wave
D:5:      layout_rooms, led_xom_imps, grunt_nemelex_the_gamble,
          lemuel_round_altar, gup_ossuary_entry_pyramid, uniq_duvessa

Skill      XL: |  1  2  3  4  5  6  7 |
---------------+----------------------+-----
Invocations    | 1 2 3 |  3.3
Short Blades   | 1 2 3 |  3.0
Long Blades    | 1 2 3 |  3.0
Maces & Flails | 1 2 3 |  3.0
Polearms       | 1 2 3 |  3.0
Staves         | 1 2 3 |  3.0
Ranged Weapons | 1 2 3 |  3.0
Throwing       | 1 2 3 |  3.0
Dodging        | 1 2 3 |  3.0
Stealth        | 1 2 3 |  3.0
Unarmed Combat | 1 2 3 |  3.0
Spellcasting   | 1 2 3 |  3.0
Evocations     | 1 2 3 |  3.0
Conjurations   | 1 2 |  2.4
Hexes          | 1 2 |  2.4
Summonings     | 1 2 |  2.4
Necromancy     | 1 2 |  2.4
Translocations | 1 2 |  2.4
Transmutations | 1 2 |  2.4
Fire Magic     | 1 2 |  2.4
Ice Magic      | 1 2 |  2.4
Air Magic      | 1 2 |  2.4
Earth Magic    | 1 2 |  2.4
Poison Magic   | 1 2 |  2.4
Axes           | 5 |  5.5
Fighting       | 7 |  7.3
Armour         | 7 |  7.3
Shields        | 7 |  7.3

Action                     |  1- 3 |  4- 6 |  7- 9 || total
---------------------------+-------+-------+-------++-------
  Melee: War axe           |   109 |   176 |    95 ||   380
         Bite              |     6 |    13 |    19 ||    38
  Throw: Stone             |     1 |       |       ||     1
    Use: Potion            |       |     2 |     2 ||     4
         Scroll            |       |       |    13 ||    13
   Stab: Distracted        |       |     1 |       ||     1
 Armour: Scale mail        |    71 |    96 |    85 ||   252
  Dodge: Dodged            |    61 |    97 |    74 ||   232
  Block: Buckler           |    39 |    51 |    30 ||   120
         Kite shield       |       |       |    25 ||    25
